 Dungeon Crawl Stone Soup version 0.28-a0-194-g42b4daccc1 (webtiles) character file.

Game seed: 6866525706257546483

891 Smaepdii the Geomancer (level 8, -4/43 HPs)
             Began as a Gargoyle Earth Elementalist on Aug 18, 2021.
             Was an Initiate of Vehumet.
             Slain by Duvessa (9 damage)
             ... on level 5 of the Dungeon.
             The game lasted 00:20:35 (5015 turns).

Smaepdii the Geomancer (GrEE)                       Turns: 5015, Time: 00:20:35

Health: -4/43      AC:  7    Str: 11    XL:     8   Next: 6%
Magic:  1/11       EV: 12    Int: 19    God:    Vehumet [......]
Gold:   185        SH:  0    Dex: 10    Spells: 5/11 levels left

rFire   + . .      SeeInvis .   n - +5 hand axe (flame)
rCold   . . .      Faith    .   (no shield)
rNeg    + . .      Spirit   .   b - +0 robe
rPois   ∞          Reflect  .   (no helmet)
rElec   +          Harm     .   (no cloak)
rCorr   .          Rampage  .   (no gloves)
Will    .....                   (no boots)
Stlth   ++........              (no amulet)
HPRegen 0.14/turn               m - ring of protection from fire
MPRegen 0.12/turn               (no ring)

@: very slightly contaminated
A: sickness immunity, AC +5, negative energy resistance 1, electricity
resistance, torment resistance 1, petrification resistance
a: Renounce Religion


You were on level 5 of the Dungeon.
You worshipped Vehumet.
Vehumet was noncommittal.
You visited 1 branch of the dungeon, and saw 5 of its levels.
You also visited: Sewer.

You collected 185 gold pieces.

Inventory:

Hand Weapons
 g - a +1 dagger of speed
 n - a +5 hand axe of flaming (weapon)
Missiles
 c - 59 stones
Armour
 b - a +0 robe (worn)
Jewellery
 m - a ring of protection from fire (left hand)
Wands
 o - a wand of flame (16)
Scrolls
 d - a scroll of immolation
 f - 3 scrolls of teleportation
 h - 2 scrolls of blinking
 j - a scroll of fear
Potions
 e - 2 potions of haste
 i - 2 potions of heal wounds
 k - a potion of might {unknown}
 p - 2 potions of mutation {unknown}


   Skills:
 + Level 1.0 Fighting
 + Level 2.9 Axes
 + Level 1.8 Dodging
 - Level 2.1 Stealth
 + Level 2.2 Spellcasting
 * Level 1.6 Conjurations
 - Level 0.7 Transmutations
 - Level 9.8 Earth Magic


You had 5 spell levels left.
You knew the following spells:

 Your Spells              Type           Power      Damage    Failure   Level
a - Sandblast             Erth           78%        2d17      1%          1
b - Passwall              Tmut/Erth      18%        N/A       2%          2
c - Stone Arrow           Conj/Erth      46%        3d9       4%          3

Your spell library contained the following spells:

 Spells                   Type           Power      Damage    Failure   Level
 Petrify                  Tmut/Erth      22%        N/A       19%         4


Dungeon Overview and Level Annotations

Branches:
Dungeon (5/15)              Sewer (visited)
 Temple: D:4-7

Altars:
Vehumet

Annotations:
D:5 Duvessa


Innate Abilities, Weirdness & Mutations

You are immune to sickness and miasma.
Your stone body is resilient. (AC +5)
You are immune to poison.
You resist negative energy. (rN+)
You are resistant to electric shocks. (rElec)
You are resistant to unholy torment.
You are immune to petrification.


Message History

Press: ? - help, Dir - move target, p - Duvessa A rock wall.
You miscast Passwall.
You are very lightly contaminated with residual magic.
Nothing appears to happen.
Duvessa hits you with a +0 rapier! Duvessa closely misses you.
Aiming: Sandblast (safe; 1% risk of failure)
Press: ? - help, Q - select action, (/) - cycle Shift-Dir - straight line, f - Duvessa
Aim: Duvessa, wielding a +0 rapier and wearing a +0 leather armour (lightly wounded, berserk, 84% to hit)
The blast of sand hits Duvessa!
Duvessa is moderately wounded.
Duvessa hits you but does no damage.
Aiming: Sandblast (safe; 1% risk of failure)
Press: ? - help, Q - select action, (/) - cycle Shift-Dir - straight line, f/p - Duvessa
Aim: Duvessa, wielding a +0 rapier and wearing a +0 leather armour (moderately wounded, berserk, 84% to hit)
The blast of sand hits Duvessa!
Duvessa is heavily wounded.
Duvessa hits you with a +0 rapier. Duvessa barely misses you.
Aiming: Sandblast (safe; 1% risk of failure)
Press: ? - help, Q - select action, (/) - cycle Shift-Dir - straight line, f/p - Duvessa
Aim: Duvessa, wielding a +0 rapier and wearing a +0 leather armour (heavily wounded, berserk, 84% to hit)
The blast of sand misses Duvessa.
Duvessa hits you with a +0 rapier!
Aiming: Sandblast (safe; 1% risk of failure)
Press: ? - help, Q - select action, (/) - cycle Shift-Dir - straight line, f/p - Duvessa
Aim: Duvessa, wielding a +0 rapier and wearing a +0 leather armour (heavily wounded, berserk, 84% to hit)
The blast of sand hits Duvessa.
Duvessa is severely wounded.
Duvessa hits you but does no damage. Duvessa misses you.
Casting: Sandblast (safe; 1% risk of failure)
Confirm with . or Enter, or press ? or * to list all spells.
Aiming: Passwall (safe; 2% risk of failure)
Press: ? - help, Dir - move target, p - Duvessa A rock wall.
Duvessa closely misses you.
You begin to meditate on the wall.
You continue meditating on the rock.
Duvessa hits you with a +0 rapier!
* * * LOW HITPOINT WARNING * * *
Duvessa hits you with a +0 rapier!
You die...

#########
#.......#
#.#####.#
#.#
#.#########
#.#
#.#@e.....#
#.#
#.#.......#
#.#
#.#...)...#
#.#
#..........
#.#
###########
#.# #.# #†#
#.#


You could see Duvessa (berserk).

Vanquished Creatures
  A water moccasin (D:5)
  A sky beast (D:4)
  A black bear (D:4)
  A centaur (D:4)
  An ogre (D:4)
  Dowan (D:5)
  A jelly (D:4)
  A centaur skeleton (D:4)
  An orc priest (D:3)
  A hound (D:4)
  3 orc wizards (D:3)
  A river rat (Sewer)
  8 adders
  A white imp (D:4)
  A worm (D:3)
  2 dart slugs (D:1)
  11 orcs
  7 endoplasms
  7 giant cockroaches
  7 goblins
  6 hobgoblins
  7 quokkas
  6 ball pythons
  2 bats
  6 frilled lizards (Sewer)
  3 kobolds
  17 rats
105 creatures vanquished.

Notes
Turn   | Place    | Note
-------+----------+-------------------------------------------
     0 | D:1      | Smaepdii the Gargoyle Earth Elementalist began the quest
                  | for the Orb.
     0 | D:1      | Reached XP level 1. HP: 10/10 MP: 3/3
    61 | D:1      | Reached skill level 4 in Earth Magic
   332 | D:1      | Reached XP level 2. HP: 15/15 MP: 3/5
   870 | D:1      | Found a faded altar of an unknown god.
  1129 | D:2      | Reached skill level 5 in Earth Magic
  1129 | D:2      | Reached XP level 3. HP: 19/19 MP: 4/6
  2107 | D:3      | Reached skill level 6 in Earth Magic
  2107 | D:3      | Reached XP level 4. HP: 24/24 MP: 2/7
  2110 | D:3      | Learned a level 2 spell: Passwall
  2348 | D:3      | Found a glowing drain.
  2355 | Sewer    | Entered a sewer
  2452 | Sewer    | Reached XP level 5. HP: 28/28 MP: 4/8
  2649 | Sewer    | Reached skill level 7 in Earth Magic
  3532 | D:3      | Reached XP level 6. HP: 32/32 MP: 7/9
  3667 | D:3      | Reached skill level 8 in Earth Magic
  3964 | D:4      | Noticed a black bear
  3967 | D:4      | Killed a black bear
  3968 | D:4      | Reached skill level 1 in Axes
  4316 | D:4      | Reached XP level 7. HP: 36/36 MP: 8/10
  4320 | D:4      | Learned a level 3 spell: Stone Arrow
  4382 | D:4      | Reached skill level 9 in Earth Magic
  4563 | D:4      | Found a radiant altar of Vehumet.
  4568 | D:4      | Became a worshipper of Vehumet
  4851 | D:5      | Entered Level 5 of the Dungeon
  4955 | D:5      | Reached skill level 1 in Conjurations
  4955 | D:5      | Reached XP level 8. HP: 42/42 MP: 8/11
  5002 | D:5      | Noticed Duvessa
  5002 | D:5      | Noticed Dowan
  5007 | D:5      | Killed Dowan
  5008 | D:5      | Reached skill level 1 in Fighting
  5015 | D:5      | Slain by Duvessa

Illustrated notes

Levels and vault maps discovered:
D:1:      dpeg_arrival_rooms_a, layout_basic,
          shapermc_ecumenical_altar_hornbeckon
D:2:      layout_basic
D:3:      layout_loops_ring, gup_sewer_entry_bubbles, skrybe_limestone_x,
          minmay_quadrilaterals
D:4:      layout_loops_ring, vehumet_altar_wand_db
D:5:      layout_basic, minmay_curled_crystal, uniq_duvessa, uniq_ijyb,
          uniq_grinder

Skill      XL: |  1  2  3  4  5  6  7  8 |
---------------+-------------------------+-----
Earth Magic    | 4 5 6 7 8 9 |  9.8
Axes           | 1 2 |  2.9
Conjurations   | 1 |  1.6
Fighting       | 1 |  1.0
Dodging        | |  1.8
Stealth        | |  2.1
Spellcasting   | |  2.2
Transmutations | |  0.7

Action                   |  1- 3 |  4- 6 |  7- 9 || total
-------------------------+-------+-------+-------++-------
Melee: Unarmed           |     6 |       |       ||     6
       Dagger            |    17 |     9 |       ||    26
       Hand axe          |       |    10 |    17 ||    27
 Cast: Sandblast         |    35 |    85 |    23 ||   143
       Passwall          |       |     1 |     1 ||     2
  Use: Scroll            |       |     6 |     2 ||     8
 Stab: Sleeping          |     1 |     2 |       ||     3
Armor: Robe              |     7 |    11 |    10 ||    28
Dodge: Dodged            |    15 |    17 |    13 ||    45

Table legend: (Time is in decaauts)
 A = Elapsed time spent in this place.
 B = Non-inter-level travel time spent in this place.
 C = Inter-level travel time spent in this place.
 D = Time resting spent in this place.
 E = Time spent auto-exploring this place.
 F = Levels seen in this place.
 G = Mean time per level.
                   A        B        C        D        E       F      G
               +--------+--------+--------+--------+--------+-----+--------+
         Total |   5114 |   4991 |    123 |    657 |   3251 |   6 |  852.3 |
       Dungeon |   4394 |   4271 |    123 |    553 |   3033 |   5 |  878.8 |
         Sewer |    719 |    719 |      0 |    104 |    218 |   1 |  719.0 |
               +--------+--------+--------+--------+--------+-----+--------+

Top non-repeatable levels by time:
     D:3: 1350 daAuts
     D:2: 1014 daAuts
     D:1: 1001 daAuts
     D:4: 864 daAuts
   Sewer: 719 daAuts
     D:5: 163 daAuts
